 Dungeon Crawl Stone Soup version 0.31-a0-267-g3fc6992b3b (webtiles) character file.

Game seed: 5002761824578421680

155 qw the Shooter (level 5, -3/45 HPs)
             Began as a Minotaur Hexslinger on July 14, 2023.
             Slain by a worm (7 damage)
             ... on level 3 of the Dungeon.
             The game lasted 00:01:02 (2504 turns).

qw the Shooter (Minotaur Hexslinger)                Turns: 2504, Time: 00:01:03

Health: -3/45      AC:  5    Str: 13    XL:     5   Next: 14%
Magic:  5/5        EV: 11    Int: 10    God:
Gold:   134        SH:  0    Dex: 14    Spells: 5/6 levels left

rFire   . . .        Y - +0 orcbow
rCold   . . .        (shield currently unavailable)
rNeg    . . .        b - +0 ring mail
rPois   .            (helmet restricted)
rElec   .            (no cloak)
rCorr   .            (no gloves)
SInv    +            (no boots)
Will    .....        (no amulet)
Stlth   +            j - ring of see invisible
HPRegen 0.27/turn    (no ring)
MPRegen 0.09/turn

%: no passive effects
@: no status effects
A: horns 2, retaliatory headbutt
a: no special abilities


You were on level 3 of the Dungeon.
You visited 1 branch of the dungeon, and saw 4 of its levels.

You collected 134 gold pieces.


Innate Abilities, Weirdness & Mutations

You have a pair of horns on your head.
You reflexively headbutt those who attack you in melee.


   Skills:
 - Level 3.0 Fighting
 - Level 5.3 Ranged Weapons
 + Level 0.0 Armour
 - Level 2.1 Dodging
 - Level 1.0 Spellcasting
 - Level 2.0 Hexes


You had 5 spell levels left.
You knew the following spells:

 Your Spells              Type           Power      Damage    Failure   Level
a - Slow                  Hex            16%        N/A       32%         1

Your spell library contained the following spells:

 Spells                   Type           Power      Damage    Failure   Level
 Inner Flame              Hex/Fire       2%         N/A       83%         3
 Portal Projectile        Hex/Tloc       4%         N/A       83%         3
 Cause Fear               Hex            2%         N/A       97%         4

Inventory:

Hand Weapons
 Y - a +0 orcbow (weapon)
Armour
 b - a +0 ring mail (worn)
Jewellery
 j - a ring of see invisible (left hand)
Scrolls
 a - a scroll of identify
 l - 2 scrolls of teleportation
Potions
 d - a potion of might
 g - a potion of haste {unknown}
 h - a potion of curing {unknown}
 m - a potion of magic {unknown}

Dungeon Overview and Level Annotations

Branches:
Dungeon (4/15)
 Temple: D:4-7

Altars:


Message History

c - a potion of attraction;
2459 ||| IDENTIFYING yellow potion Done exploring.
2460 ||| DROPPING potion of attraction.
You drop a potion of attraction.
Done exploring.
(D) Dungeon
Where to? (* - list waypoints, Enter - D:3, ? - help)
What level of the Dungeon? (default 1, ? - help)
You see here a +0 dagger.
There is an open door here.
You see here a +0 whip.
There is a stone staircase leading down here.
You climb downwards.
The iguana hisses angrily. x2; The ball python hisses angrily.
You hear an angry hiss.
Found a viscous silvery potion, a ring mail and a green potion.
There is a stone staircase leading up here.
There are monsters nearby!
Waypoint 3 assigned to D:4.
You shoot an arrow. The arrow barely misses the iguana.
You shoot an arrow. The arrow hits the iguana.
The iguana is moderately wounded.
A ball python comes into view.
The iguana closely misses you. You furiously retaliate!
You headbutt the iguana. You shoot an arrow. The arrow hits the iguana.
The iguana is heavily wounded.
The iguana bites you! The worm bites you. The iguana misses you.
The iguana bites you.
2501 ||| STAIRDANCE The iguana bites you.
The iguana bites you but does no damage.
The worm bites you!
You climb upwards.
There is a stone staircase leading down here.
You shoot an arrow. The arrow barely misses the iguana.
The iguana bites you but does no damage.
The iguana bites you.
You shoot an arrow. The arrow hits the iguana.
The iguana is heavily wounded.
The iguana misses you. The iguana bites you! The worm bites you!
You die...

# ##.##.##.# #
#.##.##.# #
###.......##
##########.......)...
#.......##.#.##..###.
#.....#.##.#.##..###.
##
#....................
.######
#....l#.##.#.##..###.
^.....##
#..l@...##.#.#...###.
.###...##
###w######.#.........
........# #.#
#.......####
........# ###.###
######)## #....<..#
#.....# #.# ##.#...##
#.###.# #)# #.#####
#.# #.# ##'## #.#
#.###.# ##...## #.##
#.....# ##.....##


You could see a worm and 2 iguanas.

Vanquished Creatures
  An orc wizard (D:3)
  4 adders
  A worm (D:2)
  2 dart slugs
  2 orcs (D:3)
  9 ball pythons
  6 bats
  6 endoplasms
  2 giant cockroaches (D:1)
  9 goblins
  8 hobgoblins
  6 jackals (D:2)
  5 quokkas
  4 frilled lizards
  11 kobolds
  4 rats
80 creatures vanquished.

Notes
Turn   | Place    | Note
-------+----------+-------------------------------------------
     0 | D:1      | qw the Minotaur Hexslinger began the quest for the Orb.
     0 | D:1      | Reached XP level 1. HP: 16/16 MP: 1/1
     0 | D:1      | 0 ||| qw: Version: 0.3-a-52-g30416fa
     0 | D:1      | 0 ||| qw: Game counter: 7835
     0 | D:1      | 0 ||| qw: Melee chars always use a shield: true
     0 | D:1      | 0 ||| qw: God list: Okawaru
     0 | D:1      | 0 ||| qw: Allow faded altars: false
     0 | D:1      | 0 ||| qw: Do Orc after clearing Dungeon:15 true
     0 | D:1      | 0 ||| qw: Do second Lair branch before Depths: true
     0 | D:1      | 0 ||| qw: Lair rune preference: random
     0 | D:1      | 0 ||| qw: Goals: Normal
     0 | D:1      | 0 ||| PLANNING D:1-11
   128 | D:1      | Reached skill level 3 in Ranged Weapons
   145 | D:1      | Reached XP level 2. HP: 23/23 MP: 2/2
   525 | D:1      | Reached XP level 3. HP: 29/29 MP: 3/3
   950 | D:1      | 950 ||| UPGRADING to +0 leather armour.
   960 | D:1      | 960 ||| DROPPING +0 robe.
   961 | D:1      | 961 ||| READING 3 scrolls labelled BEUWNOFYTA.
   962 | D:1      | 962 ||| READING scroll labelled ZAGHABYNUME.
   963 | D:1      | 963 ||| READING 2 scrolls of identify.
   963 | D:1      | 963 ||| IDENTIFYING viscous pink potion
   964 | D:1      | 964 ||| DROPPING scroll of poison.
   990 | D:2      | Reached skill level 4 in Ranged Weapons
   994 | D:2      | 994 ||| STAIRDANCE
  1074 | D:2      | 1074 ||| FLEEEEING.
  1075 | D:2      | 1075 ||| FLEEEEING.
  1076 | D:2      | 1076 ||| FLEEEEING.
  1077 | D:2      | 1077 ||| STAIRDANCE
  1093 | D:2      | 1093 ||| STAIRDANCE
  1096 | D:2      | 1096 ||| STAIRDANCE
  1216 | D:2      | 1216 ||| SWAPPING to +0 orcbow.
  1225 | D:2      | Reached XP level 4. HP: 26/36 MP: 4/4
  1258 | D:2      | 1258 ||| DROPPING +1 sling.
  1334 | D:2      | Reached skill level 5 in Ranged Weapons
  1559 | D:2      | 1559 ||| UPGRADING to ring of see invisible.
  1560 | D:2      | 1560 ||| READING scroll labelled FIXZATOPRO.
  1561 | D:2      | 1561 ||| READING scroll labelled TUXTEEJ KUKHEQU.
  1562 | D:2      | 1562 ||| READING 3 scrolls labelled COADER YMUXAJA.
  1567 | D:2      | 1567 ||| READING 2 scrolls of identify.
  1567 | D:2      | 1567 ||| IDENTIFYING bubbling sapphire potion
  1568 | D:2      | 1568 ||| DROPPING potion of degeneration.
  2347 | D:3      | Reached skill level 3 in Fighting
  2354 | D:3      | Reached XP level 5. HP: 37/45 MP: 5/5
  2444 | D:3      | 2444 ||| UPGRADING to +0 ring mail.
  2448 | D:3      | 2448 ||| UPGRADING to +0 ring mail.
  2458 | D:3      | 2458 ||| DROPPING +0 leather armour.
  2459 | D:3      | 2459 ||| READING 2 scrolls of identify.
  2459 | D:3      | 2459 ||| IDENTIFYING yellow potion
  2460 | D:3      | 2460 ||| DROPPING potion of attraction.
  2501 | D:4      | 2501 ||| STAIRDANCE
  2504 | D:3      | HP: 4/45 [iguana (8)]
  2504 | D:3      | Slain by a worm

Levels and vault maps discovered:
D:1:      amcnicky_arrival_single_pillar, layout_loops_corners, serial_bayou,
          serial_bayou_ford_a, serial_bayou_pond_a, serial_bayou_shore_b,
          serial_bayou_pond_e, st_stairs_13
D:2:      layout_basic, hangedman_decor_points
D:3:      layout_loops_corners
D:4:      layout_loops_ring, makhleb_blood_cavern_becter,
          nicolae_overflow_hidden_temple, supply_closet_lemuel,
          minmay_shop_damaged

Skill      XL: |  1  2  3  4 |
---------------+-------------+-----
Ranged Weapons | 3 4 5 |  5.3
Fighting       | 2 3 |  3.0
Dodging        | |  2.1
Spellcasting   | |  1.0
Hexes          | |  2.0

Action                     |  1- 3 |  4- 6 || total
---------------------------+-------+-------++-------
   Fire: Sling             |   117 |       ||   117
         Orcbow            |     8 |   116 ||   124
    Use: Scroll            |     3 |     5 ||     8
 Armour: Robe              |     6 |       ||     6
         Leather armour    |     8 |    12 ||    20
         Ring mail         |       |     2 ||     2
  Dodge: Dodged            |    49 |    17 ||    66

Table legend:
 A = Non-vault XP
 B = Vault XP
 C = Vault XP percentage of total XP
 D = Non-vault monster count
 E = Vault monster count
 F = Vault count percentage of total count
                 A         B        C        D         E       F
            +---------+---------+-------+---------+---------+-------
      Total |     220 |       2 |   0.9 |      79 |       1 |   1.2
            +---------+---------+-------+---------+---------+-------
        D:1 |      66 |       2 |   2.9 |      32 |       1 |   3.0
        D:2 |      86 |       0 |   0.0 |      27 |       0 |   0.0
        D:3 |      68 |       0 |   0.0 |      20 |       0 |   0.0
            +---------+---------+-------+---------+---------+-------
